 Dungeon Crawl Stone Soup version 0.28.0-47-ge53b351184 (webtiles) character file.

Game seed: 10875216169997864310

494 croobank the Sneak (level 7, -3/45 HPs)
             Began as an Octopode Fire Elementalist on Apr 30, 2022.
             Killed by an exploding orc (12 damage)
             ... ignited by their inner flame
             ... on level 4 of the Dungeon.
             The game lasted 00:14:33 (4680 turns).

croobank the Sneak (Octopode Fire Elementalist)     Turns: 4680, Time: 00:14:38

Health: -3/45      AC:  1    Str:  7    XL:     7   Next: 15%
Magic:  6/11       EV: 14    Int: 20    God:
Gold:   961        SH:  0    Dex: 12    Spells: 5/12 levels left

rFire   + . .      SeeInvis .   f - staff of fire
rCold   . . .      Faith    .   (no shield)
rNeg    . . .      Spirit   .   (helmet restricted)
rPois   .          Reflect  .   (no amulet)
rElec   .          Harm     .   (no ring)
rCorr   .          Rampage  .   (no ring)
Will    .....                   (no ring)
Stlth   ++++......              (no ring)
HPRegen 0.15/turn               (no ring)
MPRegen 0.12/turn               (no ring)
                                (no ring)
                                (no ring)

@: no status effects
A: almost no armour, amphibious, 8 rings, camouflage 1, gelatinous body 1,
(nimble swimmer 1), tentacles
a: no special abilities


You were on level 4 of the Dungeon.
You visited 1 branch of the dungeon, and saw 4 of its levels.

You collected 961 gold pieces.

Inventory:

Missiles
 a - 23 sling bullets
 g - 7 poisoned darts
 j - 15 arrows
 m - 92 stones
Magical Staves
 c - a staff of cold
 f - a staff of fire (weapon)
Jewellery
 h - a ring of magical power
Scrolls
 d - a scroll of teleportation
 e - a scroll of fog
Potions
 b - a potion of mutation
 k - 2 potions of curing
 l - a potion of lignification


   Skills:
 + Level 2.6 Fighting
 + Level 3.5 Dodging
 + Level 4.9 Stealth
 + Level 3.2 Spellcasting
 + Level 2.9 Conjurations
 + Level 4.2 Fire Magic


You had 5 spell levels left.
You knew the following spells:

 Your Spells              Type           Power      Damage    Failure   Level
a - Foxfire               Conj/Fire      100%       2x1d9     3%          1
b - Scorch                Fire           60%        2d8       3%          2
c - Flame Wave            Conj/Fire      26%        2d7       32%         4

Your spell library contained the following spells:

 Spells                   Type           Power      Damage    Failure   Level
 Conjure Flame            Conj/Fire      26%        6-21      10%         3
 Inner Flame              Hex/Fire       17%        N/A       17%         3


Dungeon Overview and Level Annotations

Branches:
Dungeon (4/15)
 Temple: D:4-7

Altars:

Annotations:
D:2 1 runed translucent door, Crazy Yiuf


Innate Abilities, Weirdness & Mutations

You cannot wear most types of armour.
You are amphibious.
You can wear up to eight rings at the same time.
Your skin changes colour to match your surroundings (Stealth+).
Your rubbery body absorbs attacks. (AC +1, EV +1)
((You are camouflaged when in or above water. (Stealth+)))
You have tentacles for arms and can constrict up to eight enemies at once.


Message History

You feel a surge of power!
You miscast Scorch.
You are very lightly contaminated with residual magic.
Nothing appears to happen.
The two-headed ogre hits you with a +0 giant club!
The two-headed ogre barely misses you.
The two-headed ogre is no longer more vulnerable to fire.
Your magical contamination has completely faded away.
You see here a +0 dagger.
Casting: Scorch (safe; 3% risk of failure)
Confirm with . or Enter, or press ? or * to list all spells.
You feel a surge of power!
Flames lash the orc.
The orc is almost dead.
The orc's fire resistance burns away.
The two-headed ogre hits you with a +0 giant club!
The two-headed ogre closely misses you.
Casting: Scorch (safe; 3% risk of failure)
Confirm with . or Enter, or press ? or * to list all spells.
You feel a surge of power!
Flames lash the two-headed ogre.
The two-headed ogre is moderately wounded.
The two-headed ogre's fire resistance burns away.
The two-headed ogre barely misses you.
The two-headed ogre hits you with a +0 giant spiked club!
* * * LOW HITPOINT WARNING * * *
Okay, then.
Okay, then.
Sorry, you're not good enough to have a special ability.
As you read the scroll labelled BOZIABI SEOP, it crumbles to dust.
The creatures around you are filled with an inner flame!
It was a scroll of immolation.
The two-headed ogre is no longer more vulnerable to fire.
The orc is no longer more vulnerable to fire.
Unknown command.
You hit the orc but do no damage. Your grab misses the orc.
You tentacle-slap the orc.
The orc explodes!
The fiery explosion engulfs the two-headed ogre!
Flame seeps out of the two-headed ogre.
The two-headed ogre is heavily wounded.
The fiery explosion engulfs you! You resist.
You die...

### ##.#
###
##.##
##.#
##.##
###@##
##.##
##O§##
#.##
##.§##
.##
##..##
##
###...#
#
##....##
##.....#
#.....##
##...###


You could see a two-headed ogre (inner flame).

Vanquished Creatures
  An ogre (D:4)
  A gnoll sergeant (D:3)
  A scorpion (D:4)
  A jelly (D:4)
  A hound (D:4)
  An orc wizard (D:4)
  Robin (D:2)
  3 gnolls (D:3)
  8 adders
  A worm (D:3)
  A dart slug (D:2)
  5 orcs
  6 endoplasms
  A giant cockroach (D:4)
  9 goblins
  10 hobgoblins
  7 jackals
  4 quokkas
  6 ball pythons
  5 bats
  4 kobolds
  6 rats
83 creatures vanquished.

Vanquished Creatures (others)
  92 foxfires
92 creatures vanquished.

Grand Total: 175 creatures vanquished

Notes
Turn   | Place    | Note
-------+----------+-------------------------------------------
     0 | D:1      | croobank the Octopode Fire Elementalist began the quest for
                  | the Orb.
     0 | D:1      | Reached XP level 1. HP: 11/11 MP: 3/3
   310 | D:1      | Reached XP level 2. HP: 17/17 MP: 1/5
   313 | D:1      | Learned a level 2 spell: Scorch
  1027 | D:2      | Found a runed translucent door.
  1028 | D:2      | Noticed Crazy Yiuf
  1077 | D:2      | Reached XP level 3. HP: 18/21 MP: 0/6
  1446 | D:2      | You fall into a shaft and drop 1 floor!
  1446 | D:3      | Noticed a gnoll sergeant
  1482 | D:3      | Reached XP level 4. HP: 27/27 MP: 1/7
  1486 | D:3      | Reached skill level 1 in Fighting
  1675 | D:3      | Killed a gnoll sergeant
  1676 | D:3      | Reached XP level 5. HP: 17/33 MP: 1/9
  1899 | D:2      | Noticed Robin
  2072 | D:2      | Found a faded altar of an unknown god.
  2262 | D:2      | Killed Robin
  3258 | D:4      | Reached XP level 6. HP: 39/39 MP: 3/10
  3572 | D:4      | Learned a level 4 spell: Flame Wave
  3978 | D:4      | Noticed a two-headed ogre
  4027 | D:4      | Reached XP level 7. HP: 15/45 MP: 3/11
  4277 | D:4      | Identified a scroll of acquirement
  4277 | D:4      | Acquired 813 gold pieces
  4680 | D:4      | Killed by an exploding orc... ignited by their inner flame

Illustrated notes

Levels and vault maps discovered:
D:1:      scummos_arrival_simple_fountains, layout_basic
D:2:      layout_basic, hellmonk_ecumenical_altar_dog_temple, uniq_robin,
          uniq_crazy_yiuf_cottage
D:3:      layout_basic
D:4:      minmay_angry_zag, layout_layer_cave

Skill      XL: |  1  2  3  4  5  6 |
---------------+-------------------+-----
Stealth        | 3 4 |  4.9
Fighting       | 1 2 |  2.6
Conjurations   | 2 |  2.9
Dodging        | 3 |  3.5
Spellcasting   | 3 |  3.2
Fire Magic     | 4 |  4.2

Action                   |  1- 3 |  4- 6 |  7- 9 || total
-------------------------+-------+-------+-------++-------
Melee: Unarmed           |     5 |       |       ||     5
       Staff             |    18 |    20 |     1 ||    39
       Constrict         |     4 |     7 |       ||    11
       Tentacles         |     3 |     8 |       ||    11
       Punch             |     1 |       |     1 ||     2
 Cast: Foxfire           |    17 |    32 |     6 ||    55
       Scorch            |    10 |    41 |     6 ||    57
  Use: Scroll            |       |     6 |     4 ||    10
 Stab: Sleeping          |     3 |       |       ||     3
Armor: Skin              |     5 |     1 |       ||     6
Dodge: Dodged            |    19 |    16 |     3 ||    38
